 Dungeon Crawl Stone Soup version 0.30.0-16-gbe6223bb7e (webtiles) character file.

Game seed: 17420711671770906666

982 NateTC the Spear-Bearer (level 8, -11/63 HPs)
             Began as a Merfolk Fighter on May 20, 2023.
             Mangled by wingedge's ghost (12 damage)
             ... on level 4 of the Dungeon.
             The game lasted 00:06:17 (4868 turns).

NateTC the Spear-Bearer (Merfolk Fighter)           Turns: 4868, Time: 00:06:18

Health: -11/63     AC:  8    Str: 16 (18) XL:     8   Next: 17%
Magic:  8/8        EV:  9    Int:  5 (7)  God:
Gold:   217        SH:  5    Dex: 14      Spells: 7/7 levels left

rFire   . . .        a - +2 trident (freeze)
rCold   . . .        c - +0 buckler
rNeg    . . .        m - +0 scale mail
rPois   .            l - +0 helmet
rElec   .            (no cloak)
rCorr   .            (no gloves)
SInv    .            (no boots)
Will    .....        (no amulet) Stlth
                     (no ring)
HPRegen 0.30/turn    (no ring)
MPRegen 0.11/turn

%: no passive effects
@: lethally poisoned (-11 -> -17)
A: (nimble swimmer 2), mertail
a: no special abilities


You were on level 4 of the Dungeon.
You visited 1 branch of the dungeon, and saw 4 of its levels.

You collected 217 gold pieces.

Inventory:

Hand Weapons
 a - a +2 trident of freezing (weapon)
Missiles
 b - 2 throwing nets (quivered)
Armour
 c - a +0 buckler (worn)
 l - a +0 helmet (worn)
 m - a +0 scale mail (worn)
Wands
 g - a wand of flame (12)
Potions
 f - a potion of heal wounds {unknown}
 h - a potion of brilliance {unknown}


   Skills:
 - Level 5.4 Fighting
 - Level 8.5 Polearms
 * Level 4.0 Armour
 + Level 4.3 Shields


You had 7 spell levels left.
You didn't know any spells.
Your spell library contained the following spells:

 Spells                   Type           Power      Damage    Failure   Level
 Inner Flame              Hex/Fire       0%         N/A       100%        3
 Yara's Violent Unravell  Hex/Tmut       0%         3d3       100%        5
 Enfeeble                 Hex            0%         N/A       100%        7


Dungeon Overview and Level Annotations

Branches:
Dungeon (4/15) Zot: 19099
 Temple: D:4-7

Altars:
Dithmenos
Hepliaklqana
Trog
Wu Jian
Yredelemnul

Annotations:
D:3 Dowan
D:4 wingedge's ghost, amateur OpVM


Innate Abilities, Weirdness & Mutations

((You are very nimble when in or above water. (Stealth+, EV+, Speed+++)))
Your lower body shifts to a powerful aquatic tail in water.


Message History

You closely miss the adder.
The adder is moderately wounded.
You block the ufetubus's attack. The ufetubus barely misses you.
Wingedge's ghost hits you.
You hit the adder. You freeze the adder.
The adder is heavily wounded.
The adder is no longer moving slowly.
The ufetubus barely misses you. x2
The adder closely misses you. Wingedge's ghost casts a spell at you.
The sting hits you.
You are poisoned.
The ufetubus closely misses you.
The ufetubus hits you but does no damage.
You miss the ufetubus.
The ufetubus is severely wounded.
You feel sick. The adder bites you.
You are more poisoned.
The adder poisons you! Wingedge's ghost hits you.
You are electrocuted!!
* * * LOW HITPOINT WARNING * * *
The ufetubus hits you but does no damage.
The ufetubus closely misses you.
As you read the scroll of fog, it crumbles to dust.
The scroll dissolves into smoke.
* * * LOW HITPOINT WARNING * * *
You feel sick. The adder bites you.
* * * LOW HITPOINT WARNING * * *
The ufetubus hits you but does no damage. x2
Wingedge's ghost stares at you and mumbles some strange words.
The sting misses you.
The sting hits the ufetubus but does no damage.
The ufetubus is poisoned.
The adder barely misses you.
You closely miss the ufetubus.
The ufetubus is severely wounded.
* * * LOW HITPOINT WARNING * * *
You feel sick.
The ufetubus dies!
The adder barely misses you. Wingedge's ghost hits you.
* * * LOW HITPOINT WARNING * * *
You are electrocuted!
You die...

...............##'##'##### #...
.........................# #...
.........................# ####
.#########......<........#
.#.......#.....<.).......########
.#..###..#.)...##..###...........
.#..###..'.......w§..............
.#.=.....'....§##S§###...........
.#.[###..'....§w@W§.............#
.#..###..#....§####.##.#######..#
.#.......#.....####.#..#........#
.#########.................)..)..
...............####.#..#.....))..
...............# #..............#
............>..# #.....#......(.#
..............## #......)####....
.............## #.#.....#..+....


You could see 2 worms, wingedge's ghost and an adder.

Vanquished Creatures
  Sigmund (D:4)
  A water moccasin (D:4)
  Duvessa (D:3)
  A bullfrog (D:4)
  A scorpion (D:3)
  An orc priest (D:4)
  An iguana (D:4)
  4 scorpion zombies (D:3)
  An orc wizard (D:3)
  3 hound skeletons (D:3)
  11 gnolls
  4 adders
  An adder zombie (D:3)
  3 adder skeletons (D:3)
  A worm (D:4)
  2 dart slugs
  11 orcs
  8 endoplasms
  2 giant cockroaches
  10 goblins
  8 hobgoblins
  6 quokkas
  11 ball pythons
  A ball python skeleton (D:3)
  2 ball python zombies (D:3)
  5 bats
  A frilled lizard (D:1)
  A giant cockroach zombie (D:3)
  5 kobolds
  A quokka zombie (D:3)
  7 rats
116 creatures vanquished.

Vanquished Creatures (others)
  An ufetubus (D:4)
1 creature vanquished.

Grand Total: 117 creatures vanquished

Notes
Turn   | Place    | Note
-------+----------+-------------------------------------------
     0 | D:1      | NateTC the Merfolk Fighter began the quest for the Orb.
     0 | D:1      | Reached XP level 1. HP: 18/18 MP: 1/1
    56 | D:1      | Reached skill level 3 in Polearms
    56 | D:1      | Reached XP level 2. HP: 25/25 MP: 2/2
   412 | D:1      | Reached XP level 3. HP: 17/30 MP: 3/3
  1337 | D:2      | Reached XP level 4. HP: 32/38 MP: 4/4
  1578 | D:3      | Reached skill level 5 in Fighting
  1578 | D:3      | Reached skill level 4 in Polearms
  1687 | D:3      | Reached XP level 5. HP: 12/44 MP: 5/5
  1937 | D:3      | Reached skill level 5 in Polearms
  2209 | D:3      | Reached skill level 6 in Polearms
  2209 | D:3      | Reached XP level 6. HP: 44/51 MP: 6/6
  2453 | D:3      | Found a faded altar of an unknown god.
  2943 | D:4      | Found a runed translucent gate.
  2943 | D:4      | Found a runed translucent gate.
  2943 | D:4      | Found a runed translucent gate.
  2994 | D:3      | Reached skill level 7 in Polearms
  3107 | D:4      | Noticed wingedge's ghost (amateur OpVM)
  3239 | D:4      | Noticed Duvessa
  3239 | D:4      | Noticed Sigmund
  3240 | D:4      | Noticed Dowan
  3442 | D:3      | Killed Duvessa
  3443 | D:3      | Reached skill level 8 in Polearms
  3443 | D:3      | Reached XP level 7. HP: 3/56 MP: 7/7
  3772 | D:4      | Killed Sigmund
  4093 | D:4      | Reached XP level 8. HP: 23/63 MP: 8/8
  4513 | D:4      | Found the +7 staff of the Meek {protect, meekguard}
  4607 | D:4      | Found an ornate altar of the Wu Jian Council.
  4612 | D:4      | Found a shadowy altar of Dithmenos.
  4612 | D:4      | Found a hazy altar of Hepliaklqana.
  4630 | D:4      | Found a basalt altar of Yredelemnul.
  4633 | D:4      | Found a bloodstained altar of Trog.
  4867 | D:4      | HP: 3/63 [adder (1)]
  4868 | D:4      | HP: 1/63 [wingedge's ghost (1)]
  4868 | D:4      | Mangled by wingedge's ghost

Illustrated notes

Levels and vault maps discovered:
D:1:      minmay_arrival_doors, layout_loops_cross
D:2:      layout_basic
D:3:      layout_basic, basic_ecumenical_altar, serial_undead, serial_undead_f,
          serial_undead_f, serial_undead_a, serial_undead_e, serial_undead_c,
          serial_undead_a, serial_undead_e, serial_undead_e, serial_undead_c,
          serial_undead_c
D:4:      layout_basic, minmay_overflow_temple_star_hex, gammafunk_ghost_split,
          pf_guarded_unrand_meek, uniq_duvessa, uniq_sigmund

Skill      XL: |  1  2  3  4  5  6  7  8 |
---------------+-------------------------+-----
Polearms       | 3 4 6 8 |  8.5
Fighting       | 4 5 |  5.4
Armour         | 3 4 |  4.0
Shields        | 4 |  4.3

Action                     |  1- 3 |  4- 6 |  7- 9 || total
---------------------------+-------+-------+-------++-------
  Melee: Trident           |   134 |   263 |   116 ||   513
    Use: Scroll            |     3 |     3 |     2 ||     8
         Potion            |       |     1 |     6 ||     7
 Armour: Scale mail        |    47 |   171 |    51 ||   269
  Dodge: Dodged            |    52 |   133 |    45 ||   230
  Block: Buckler           |    23 |    65 |    32 ||   120
